 Dungeon Crawl Stone Soup version 0.28.0-43-g3370ac3207 (webtiles) character file.

Game seed: 1113863785640377583

63 pkoi the Gusty (level 3, -11/16 HPs)
             Began as a Spriggan Air Elementalist on Mar 8, 2022.
             Killed by divine providence
             ... invoked by an orc priest
              (15 damage)
             ... on level 3 of the Dungeon.
             The game lasted 00:02:38 (2792 turns).

pkoi the Gusty (Spriggan Air Elementalist)          Turns: 2792, Time: 00:02:39

Health: -11/16     AC:  2    Str:  3 (4)  XL:     3   Next: 87%
Magic:  1/8        EV: 17    Int: 15 (18) God:
Gold:   93         SH:  0    Dex: 12 (15) Spells: 6/7 levels left

rFire   . . .      SeeInvis +   b - +0 short sword
rCold   . . .      Faith    .   (no shield)
rNeg    . . .      Spirit   .   a - +0 robe
rPois   +          Reflect  .   (helmet restricted)
rElec   .          Harm     .   (no cloak)
rCorr   .          Rampage  .   (gloves unavailable)
Will    .....                   (boots unavailable)
Stlth   ++........              (no amulet)
HPRegen 0.05/turn               e - ring of poison resistance
MPRegen 0.11/turn               (no ring)

@: lethally poisoned (-11 -> -15), very quick
A: very small, no large weapons, unfitting armour, see invisible, speed 3
a: no special abilities


You were on level 3 of the Dungeon.
You visited 1 branch of the dungeon, and saw 3 of its levels.
You also visited: Sewer.

You collected 93 gold pieces.

Inventory:

Hand Weapons
 b - a +0 short sword (weapon)
Armour
 a - a +0 robe (worn)
Jewellery
 e - a ring of poison resistance (left hand)
 f - a ring of ice
Wands
 l - a wand of flame (19)
Scrolls
 g - a scroll of teleportation {unknown}
 j - a scroll of vulnerability {unknown}
 k - a scroll of fear {unknown}
Potions
 d - 2 potions of resistance


   Skills:
 - Level 2.6 Dodging
 - Level 3.0 Stealth
 - Level 2.6 Spellcasting
 - Level 0.6 Conjurations
 + Level 4.4 Air Magic


You had 6 spell levels left.
You knew the following spells:

 Your Spells              Type           Power      Damage    Failure   Level
a - Shock                 Conj/Air       36%        1d5       8%          1

Your spell library contained the following spells:

 Spells                   Type           Power      Damage    Failure   Level
 Swiftness                Air            15%        N/A       10%         3
 Static Discharge         Conj/Air       9%         N/A       11%         2
 Summon Small Mammal      Summ           8%         N/A       21%         1
 Airstrike                Air            7%         N/A       32%         4
 Call Canine Familiar     Summ           2%         N/A       52%         3
 Summon Guardian Golem    Hex/Summ       2%         N/A       52%         3


Dungeon Overview and Level Annotations

Branches:
Dungeon (3/15)              Sewer (visited)

Altars:

Annotations:
D:3 Pargi


Innate Abilities, Weirdness & Mutations

You are very small and have problems with some larger weapons.
You are too small for most types of armour.
You have supernaturally acute eyesight. (SInv)
You cover ground extremely quickly. (Speed+++)


Message History

Found a leather armour.
You see here 20 stones.
The zap hits the adder.
The adder is moderately wounded.
The zap hits the adder.
The adder is severely wounded.
The adder bites you.
* * * LOW HITPOINT WARNING * * *
You are too injured to fight recklessly!
You are too injured to fight recklessly!
Unknown command.
Aiming: Shock (safe; 8% risk of failure)
Press: ? - help, Q - select action, (/) - cycle Shift-Dir - straight line, f/p - adder
Aim: an adder (severely wounded, 48% to hit)
The zap hits the adder.
The adder is almost dead.
The zap hits the orc priest.
The orc priest is moderately wounded.
The adder bites you.
* * * LOW HITPOINT WARNING * * *
You are lethally poisoned!
The adder poisons you!
Aiming: Shock (safe; 8% risk of failure)
Press: ? - help, Q - select action, (/) - cycle Shift-Dir - straight line, f/p - adder
Aim: an adder (almost dead, 48% to hit)
The zap hits the adder.
You kill the adder!
The zap hits the orc priest.
The orc priest is moderately wounded.
The zap hits the orc.
The orc is severely wounded.
* * * LOW HITPOINT WARNING * * *
You feel sick.
The orc priest looks satisfied for a moment.
* * * LOW HITPOINT WARNING * * *
You feel sick.
The orc priest mumbles some strange prayers to Beogh against you.
Beogh smites you!
Ouch! That really hurt!
You die...

S...... ........#
.........# .
..........# ..
..........## ...
........... ...
.........#############.
...
..........oo.(.........
...
##...o.######@.......
... #.....# #.[...... .
#.....# #........
#.....# #........
#>....+ .........
##.o.o########...###
#...o...... ...#
#.......... ...# .
#...)......


You could see an orc priest and an orc.

Vanquished Creatures
  An adder (D:3)
  3 dart slugs
  An orc (D:3)
  5 bats
  3 endoplasms
  5 giant cockroaches
  4 hobgoblins
  3 kobolds
  6 quokkas
  2 ball pythons (D:2)
  6 frilled lizards
  7 rats
46 creatures vanquished.

Notes
Turn   | Place    | Note
-------+----------+-------------------------------------------
     0 | D:1      | pkoi the Spriggan Air Elementalist began the quest for the
                  | Orb.
     0 | D:1      | Reached XP level 1. HP: 9/9 MP: 5/5
   241 | D:1      | Reached skill level 3 in Air Magic
   428 | D:1      | Reached XP level 2. HP: 13/13 MP: 4/6
  1535 | D:1      | Found a faded altar of an unknown god.
  1795 | D:2      | Reached XP level 3. HP: 16/16 MP: 6/8
  1970 | D:2      | Reached skill level 4 in Air Magic
  2548 | D:3      | Found a glowing drain.
  2552 | Sewer    | Entered a sewer
  2555 | Sewer    | Noticed Pargi
  2792 | D:3      | Killed from afar by an orc priest

Illustrated notes

Levels and vault maps discovered:
D:1:      zaba_arrival_water, layout_basic,
          shapermc_ecumenical_altar_mp_vishouse
D:2:      layout_basic
D:3:      minmay_chambers_of_threes, layout_basic, gup_sewer_entry_bowl,
          kennysheep_generic_room_9

Skill      XL: |  1  2  3 |
---------------+----------+-----
Air Magic      | 3 4 |  4.4
Dodging        | |  2.6
Stealth        | |  3.0
Spellcasting   | |  2.6
Conjurations   | |  0.6

Action                   || total
-------------------------++-------
Melee: Short sword       ||    28
       Punch             ||     1
 Cast: Shock             ||    90
  Use: Potion            ||     4
Armor: Robe              ||     3
Dodge: Dodged            ||    41
